 Dungeon Crawl Stone Soup version 0.26-a0-651-gb41185065b (webtiles) character file.

Game seed: 7085474666495404346

(classic levelgen) 365 EnegeticOcto the Chopper (level 6, -6/55 HPs)
             Began as a Deep Dwarf Delver on Oct 23, 2020.
             Was an Initiate of Ru.
             Mangled by a gnoll
             ... wielding a +0 halberd of protection
              (9 damage)
             ... on level 7 of the Dungeon.
             The game lasted 00:02:44 (418 turns).

EnegeticOcto the Chopper (Deep Dwarf Delver)         Turns: 418, Time: 00:02:45

Health: -6/55      AC:  6    Str: 15    XL:     6   Next: 40%
Magic:  5/5        EV: 10    Int: 13    God:    Ru [......]
Gold:   10         SH:  0    Dex: 14    Spells: 5/5 levels left

rFire    . . .     SeeInvis .   i - +0 war axe
rCold    . . .     Faith    .   (no shield)
rNeg     . . .     Spirit   .   l - +0 scale mail (curse)
rPois    .         Reflect  .   (no helmet)
rElec    .         Harm     .   (no cloak)
rCorr    .         Rampage  .   (no gloves)
MR       .....                  (no boots)
Stlth    ..........             (no amulet)
HPRegen  0.00/turn              (no ring)
MPRegen  0.09/turn              (no ring)

@: confused, lethally poisoned (-6 -> -6), non-regenerating
A: damage resistance, heal wounds, sense surroundings 1, no regeneration
a: Heal Wounds, Renounce Religion


You were on level 7 of the Dungeon.
You worshipped Ru.
Ru was noncommittal.
You visited 2 branches of the dungeon, and saw 4 of its levels.

You collected 55 gold pieces.
You spent 45 gold pieces at shops.

Inventory:

Hand Weapons
 a - a +0 hand axe
 i - a +0 war axe (weapon)
Missiles
 k - 2 throwing nets (quivered)
Armour
 b - a +0 leather armour
 l - a cursed +0 scale mail (worn)
 p - a +2 leather armour of poison resistance
Wands
 g - a wand of digging (3) {@v3}
 j - a wand of paralysis (4)
Scrolls
 c - a scroll of fog
 d - a scroll of blinking {unknown}
 e - a scroll of fear
 m - a scroll of teleportation {@r3}
 o - a scroll of magic mapping {@r5}
Potions
 f - 2 potions of haste {@q4}
 n - 2 potions of heal wounds {@q2}


   Skills:
 - Level 2.6 Fighting
 + Level 7.6 Axes
 - Level 2.1 Dodging
 - Level 6.0 Stealth


You had 5 spell levels left.
You didn't know any spells.
Your spell library was empty.

Dungeon Overview and Level Annotations

Branches:
Dungeon (7/15)             Temple (1/1) D:5

Altars:
Ashenzari
Cheibriados
Kikubaaqudgha
Nemelex Xobeh
Ru
Sif Muna
Wu Jian
Xom

Shops:
D:7 ?

Annotations:
D:7 Dowan, Duvessa


Innate Abilities, Weirdness & Mutations

You are resistant to damage.
You can heal yourself by infusing magical energy.
You passively map a small area around you.
You do not regenerate.


Message History

The jackal completely misses you.
The sky beast flickers out of sight!
Something hits you. Something shocks you.
The jackal bites you but does no damage.
A gnoll comes into view. It is wielding a +0 flail.
The jackal bites you but does no damage.
The gnoll shaman closely misses you.
Found 16 bolts.
Found an ornate altar of the Wu Jian Council.
The gnoll hits you from afar with a +0 halberd of protection.
The gnoll misses you. The gnoll barely misses you. The jackal bites you.
The orc wizard shouts!
Something hits you. Something shocks you.
The gnoll hits you with a +0 halberd of protection.
You feel much better.
The jackal bites you but does no damage.
The gnoll barely misses you.
A sky beast appears from thin air!
Reactivating autopickup.
The sky beast closely misses you. The gnoll hits you but does no damage.
You hit the sky beast.
The sky beast is lightly wounded.
You barely miss the jackal. You hit something but do no damage.
You barely miss the gnoll. You hit the gnoll.
The jackal bites you but does no damage.
The gnoll hits you with a +0 halberd of protection.
Something hits you. Something shocks you.
Deactivating autopickup; reactivate with Ctrl-A.
The sky beast hits you but does no damage.
The orc wizard casts a spell at you.
You are confused.
The gnoll hits you but does no damage.
The jackal bites you but does no damage.
The gnoll hits you with a +0 halberd of protection.
You are too confused!
You are too confused!
It was a potion of curing.
You feel better. Something hits you but does no damage.
The sky beast hits you but does no damage.
The gnoll hits you from afar with a +0 spear.
The gnoll hits you but does no damage. The gnoll barely misses you.
You hit the gnoll.
The gnoll is heavily wounded.
You barely miss the sky beast. You closely miss the hippogriff.
You hit something. You hit the gnoll but do no damage. You hit the jackal.
You barely miss the gnoll.
A sky beast appears from thin air!
Reactivating autopickup.
The sky beast hits you but does no damage.
The sky beast hits you. The sky beast shocks you.
The orc wizard points at you and mumbles some strange words.
You are confused.
The gnoll hits you but does no damage. The gnoll hits you with a +0 flail.
The gnoll hits you but does no damage. x2; The jackal bites you.
The hippogriff bites you! The hippogriff pecks you.
The hippogriff claws you but does no damage.
The sky beast hits you. The sky beast shocks you.
You are too confused!
You hit the sky beast.
The sky beast is lightly wounded.
You closely miss the gnoll. You hit the jackal.
You kill the jackal!
You hit the gnoll but do no damage. x2; You miss the sky beast.
You closely miss the hippogriff.
The gnoll hits you with a +0 halberd of protection.
The sky beast hits you but does no damage.
The gnoll closely misses you. x2; The gnoll barely misses you.
The hippogriff misses you. The hippogriff pecks you. The hippogriff claws you.
The sky beast hits you. The sky beast shocks you.
The gnoll hits you from afar with a +0 spear!
The sky beast completely misses you.
The gnoll hits you with a +0 halberd of protection.
The orc wizard casts a spell.
The orc wizard flickers and vanishes!
Deactivating autopickup; reactivate with Ctrl-A.
You slash the gnoll!
The gnoll is severely wounded.
You completely miss the gnoll. You hit the sky beast.
You barely miss the hippogriff. You barely miss the sky beast.
You hit the gnoll. The gnoll barely misses you. x2
The gnoll hits you with a +0 halberd of protection!
* * * LOW HITPOINT WARNING * * *
The adder bites you.
You are poisoned.
The adder poisons you!
The hippogriff bites you but does no damage.
The hippogriff pecks you but does no damage.
The hippogriff claws you.
* * * LOW HITPOINT WARNING * * *
The sky beast closely misses you.
The gnoll hits you from afar with a +0 spear.
* * * LOW HITPOINT WARNING * * *
The sky beast hits you.
* * * LOW HITPOINT WARNING * * *
The sky beast shocks you.
* * * LOW HITPOINT WARNING * * *
You closely miss the gnoll.
The gnoll is almost dead.
You miss the sky beast. You slash the hippogriff! You miss the sky beast.
You closely miss the gnoll. You completely miss the adder.
You barely miss the gnoll.
The gnoll hits you with a +0 halberd of protection!
You die...

............$...... ,
...................
..................., , ,
........!(....#.... ,
#................ *
###............_. , ,
##.<#.hg....... , , ,
##..#ZYHY....(. *
#.^..hg@g..##....... # , ,
.......g.So.##...... .#. ,
,....##...g.#........##....
*
.............#.#......#..##.
...<.........# #.........##.
..........#..o. #..#........
, ............##.......##. ,
..........e..........#..
...##..#.......##'


You could see a hippogriff, Duvessa, 2 sky beasts, a gnoll shaman, an orc
wizard, 4 gnolls, an adder, an orc, 2 jackals and a howler monkey skeleton.

Vanquished Creatures
  A sky beast (D:5)
  A centaur (D:7)
  A howler monkey (D:5)
  A hound (D:7)
  A worker ant (D:7)
  2 iguanas (D:7)
  A hound zombie (D:7)
  2 adders
  A shadow imp (D:5)
  An adder skeleton (D:6)
  2 orcs (D:6)
  A jackal (D:7)
  A quokka (D:6)
  A giant cockroach zombie (D:6)
17 creatures vanquished.

Vanquished Creatures (others)
  3 plants (D:7)
3 creatures vanquished.

Grand Total: 20 creatures vanquished

Notes
Turn   | Place    | Note
-------+----------+-------------------------------------------
     0 | D:5      | EnegeticOcto the Deep Dwarf Delver began the quest for the
                  | Orb.
     0 | D:5      | Reached XP level 1. HP: 20/20 MP: 1/1
    40 | D:5      | Found a staircase to the Ecumenical Temple.
    46 | Temple   | Entered the Ecumenical Temple
    52 | Temple   | Reached skill level 3 in Axes
    52 | Temple   | Reached XP level 2. HP: 17/27 MP: 2/2
    87 | Temple   | Became a worshipper of Ru the Awakened
   116 | D:5      | Noticed a howler monkey
   125 | D:5      | Noticed a sky beast
   144 | D:5      | Killed a howler monkey
   144 | D:5      | Reached skill level 4 in Axes
   144 | D:5      | Reached XP level 3. HP: 21/33 MP: 2/2
   145 | D:5      | Killed a sky beast
   145 | D:5      | Reached skill level 5 in Axes
   145 | D:5      | Reached XP level 4. HP: 26/40 MP: 3/3
   145 | D:5      | Reached XP level 5. HP: 29/46 MP: 4/4
   298 | D:6      | You fall into a shaft and drop 1 floor!
   305 | D:7      | Found Zyeluot's Magic Scroll Shop.
   307 | D:7      | Noticed a centaur
   308 | D:7      | Reached skill level 6 in Axes
   322 | D:7      | Reached skill level 7 in Axes
   322 | D:7      | Reached XP level 6. HP: 44/55 MP: 5/5
   326 | D:7      | Bought a scroll of teleportation for 45 gold pieces
   345 | D:7      | Noticed Dowan
   346 | D:7      | Noticed Duvessa
   398 | D:7      | Noticed a sky beast
   398 | D:7      | Noticed a sky beast
   398 | D:7      | Noticed a hippogriff
   408 | D:7      | Found an ornate altar of the Wu Jian Council.
   418 | D:7      | Mangled by a gnoll

Illustrated notes

Levels and vault maps discovered:
D:5:      layout_basic, minmay_temple_entry_tees
D:6:      layout_loops_cross, elyvilon_altar_3
D:7:      layout_cave_pools, gammafunk_temple_overflow_forgotten, basic_altar,
          serial_shops, nicolae_shop_behind_doors, uniq_duvessa
Temple:   dpeg_chambers_temple

Skill      XL: |  1  2  3  4  5 |
---------------+----------------+-----
Axes           | 3 4 5 7 |  7.6
Fighting       | |  2.6
Dodging        | |  2.1
Stealth        | |  6.0

Action                   |  1- 3 |  4- 6 || total
-------------------------+-------+-------++-------
Melee: Hand axe          |     9 |       ||     9
       War axe           |    10 |    47 ||    57
 Abil: Heal Wounds       |     1 |     4 ||     5
Evoke: Wand              |     1 |     5 ||     6
  Use: Scroll            |     1 |     1 ||     2
       Potion            |       |     1 ||     1
 Stab: Sleeping          |     1 |     2 ||     3
       Paralysed         |     5 |       ||     5
Armor: Leather armour    |     3 |       ||     3
       Scale mail        |       |    54 ||    54
Dodge: Dodged            |    13 |    75 ||    88

Table legend: (Time is in decaauts)
 A = Elapsed time spent in this place.
 B = Non-inter-level travel time spent in this place.
 C = Inter-level travel time spent in this place.
 D = Time resting spent in this place.
 E = Time spent auto-exploring this place.
 F = Levels seen in this place.
 G = Mean time per level.
                   A        B        C        D        E       F      G
               +--------+--------+--------+--------+--------+-----+--------+
         Total |    431 |    383 |     48 |      0 |      0 |   4 |  107.8 |
       Dungeon |    362 |    340 |     22 |      0 |      0 |   3 |  120.7 |
        Temple |     69 |     43 |     26 |      0 |      0 |   1 |   69.0 |
               +--------+--------+--------+--------+--------+-----+--------+

Top non-repeatable levels by time:
     D:6: 177 daAuts
     D:5: 102 daAuts
     D:7: 81 daAuts
  Temple: 69 daAuts
